 Dungeon Crawl Stone Soup version 0.28.0-1-gb440e238dd (webtiles) character file.

Game seed: 13576187554320113632

62038 issech the Bludgeoner (level 14, -10/126 HPs)
             Began as a Troll Monk on Feb 25, 2022.
             Was the Champion of Hepliaklqana.
             Mangled by a large slime creature (18 damage)
             ... on level 14 of the Dungeon.
             The game lasted 01:29:05 (17997 turns).

issech the Bludgeoner (Troll Monk)                 Turns: 17997, Time: 01:29:06

Health: -10/126    AC: 18    Str: 22    XL:     14   Next: 62%
Magic:  13/13      EV: 13    Int:  8    God:    Hepliaklqana [******]
Gold:   648        SH:  0    Dex: 16    Spells: 13/13 levels left

rFire   + . .      SeeInvis .   b - +1 giant spiked club (flame)
rCold   x . .      Faith    .   (shield currently unavailable)
rNeg    . . .      Spirit   .   R - +5 acid dragon scales
rPois   +          Reflect  .   (helmet restricted)
rElec   .          Harm     .   k - +1 cloak
rCorr   +          Rampage  .   (gloves unavailable)
Will    +....                   (boots unavailable)
Stlth   ++........              (no amulet)
HPRegen 1.11/turn               c - ring of poison resistance
MPRegen 0.13/turn               e - ring of fire

@: lethally poisoned (-10 -> -12)
A: reduced essence, large, unfitting armour, claws 3, regeneration 1, shaggy fur
1, tough skin 1, iridescent scales 1, clever 1
a: Renounce Religion, Recall Ancestor, Ancestor Identity, Transference, Idealise


You were on level 14 of the Dungeon.
You worshipped Hepliaklqana.
Hepliaklqana was exalted by your worship.
You visited 4 branches of the dungeon, and saw 18 of its levels.
You also visited: Bailey.

You collected 1958 gold pieces.
You spent 1310 gold pieces at shops.

Inventory:

Hand Weapons
 b - a +1 giant spiked club of flaming (weapon)
 A - a +2 vorpal mace
 E - a +0 arbalest
 J - a +0 mace of protection
 L - a +0 longbow
 T - a +2 vorpal shortbow
 V - a +4 flail
Missiles
 f - 351 stones
 g - 8 large rocks (quivered)
 i - 150 bolts
 l - 26 sling bullets
 x - 36 poisoned darts
 y - 251 arrows
 Q - 3 boomerangs of dispersal
Armour
 k - a +1 cloak (worn)
 n - a +0 troll leather armour
 F - a scarf of harm
 R - +5 acid dragon scales (worn)
 S - a +0 kite shield
Jewellery
 c - a ring of poison resistance (left claw)
 e - a ring of fire (right claw)
 v - a ring of wizardry
 P - a ring of flight
 W - a +6 ring of intelligence
 X - a ring of poison resistance
Wands
 a - a wand of iceblast (8)
 o - a wand of paralysis (6)
 z - a wand of acid (13)
 D - a wand of charming (3)
 G - a wand of polymorph (1)
 H - a wand of mindburst (18)
Scrolls
 d - 2 scrolls of fear
 j - a scroll of blinking
 u - a scroll of summoning
 w - 4 scrolls of teleportation
 C - a scroll of magic mapping
 I - 3 scrolls of fog
 K - 4 scrolls of identify
 M - 2 scrolls of holy word
 Y - 2 scrolls of silence
Potions
 h - a potion of berserk rage
 m - 3 potions of lignification
 p - 3 potions of magic
 q - 2 potions of resistance
 r - 4 potions of haste
 s - 4 potions of curing
 t - 5 potions of heal wounds
 B - a potion of cancellation
 O - 3 potions of might
 Z - a potion of brilliance
Miscellaneous
 N - a box of beasts
 U - a phial of floods


   Skills:
 + Level 9.7 Fighting
 + Level 0.7(0.9) Short Blades
 + Level 0.5(0.8) Long Blades
 + Level 0.5(9.2) Axes
 + Level 15.4(15.5) Maces & Flails
 + Level 0.5(0.9) Polearms
 + Level 0.5(9.2) Staves
 + Level 0.3(1.0) Slings
 + Level 0.3 Bows
 + Level 0.3 Crossbows
 + Level 1.8(2.0) Throwing
 + Level 6.2 Armour
 + Level 7.8 Dodging
 + Level 4.3 Stealth
 + Level 0.5 Shields
 + Level 0.7 Unarmed Combat
 + Level 0.3 Spellcasting
 + Level 0.4 Conjurations
 + Level 0.7 Hexes
 + Level 0.4 Summonings
 + Level 0.5 Necromancy
 + Level 0.7 Translocations
 + Level 0.4 Transmutations
 + Level 0.8 Fire Magic
 + Level 1.0 Ice Magic
 + Level 0.3 Air Magic
 + Level 0.6 Earth Magic
 + Level 0.4 Poison Magic
 + Level 0.6 Invocations
 + Level 0.4 Evocations


You had 13 spell levels left.
You didn't know any spells.
Your spell library contained the following spells:

 Spells                   Type           Power      Damage    Failure   Level
 Blink                    Tloc           2%         N/A       50%         2
 Sublimation of Blood     Necr           0%         N/A       54%         2
 Wereblood                Tmut           0%         N/A       54%         2
 Tukima's Dance           Hex            1%         N/A       75%         3
 Ignite Poison            Fire/Tmut/Pois 1%         N/A       77%         3
 Mephitic Cloud           Conj/Pois/Air  0%         N/A       80%         3
 Anguish                  Hex/Necr       0%         N/A       99%         4
 Freezing Cloud           Conj/Ice/Air   0%         6-21      100%        5
 Manifold Assault         Tloc           1%         N/A       100%        5
 Conjure Ball Lightning   Conj/Air       0%         3x3d6     100%        6
 Dispersal                Tloc           0%         N/A       100%        6
 Simulacrum               Ice/Necr       0%         N/A       100%        6
 Enfeeble                 Hex            0%         N/A       100%        7
 Storm Form               Tmut/Air       0%         N/A       100%        7
 Summon Hydra             Summ           0%         N/A       100%        7
 Discord                  Hex            0%         N/A       100%        8
 Disjunction              Tloc           0%         N/A       100%        8
 Chain Lightning          Conj/Air       0%         N/A       100%        9
 Fire Storm               Conj/Fire      0%         6d1       100%        9
 Polar Vortex             Ice            0%         N/A       100%        9
 Shatter                  Erth           0%         3d5*      100%        9


Dungeon Overview and Level Annotations

Branches:
Dungeon (14/15)            Temple (1/1) D:4            Lair (0/6) D:9
    Orc (2/2) D:10            Elf (1/3) Orc:2        Bailey (visited)
 Vaults: D:13-14

Altars:
Ashenzari
Cheibriados
Dithmenos
Elyvilon
Fedhas
Gozag
Hepliaklqana
Kikubaaqudgha
Makhleb
Nemelex Xobeh
Okawaru
Qazlal
Ru
Sif Muna
Trog
Uskayaw
Vehumet
Wu Jian
Xom
Yredelemnul
Zin
The Shining One
Beogh

Shops:
D:6 !   Orc:1 (!   Orc:2 :=!(

Annotations:
D:7 3 runed translucent doors, spaghetti's ghost, novice NaCK
D:14 Nessos


Innate Abilities, Weirdness & Mutations

Your life essence is reduced to manifest your ancestor. (-10% HP)
You are too large for most types of armour.
You have claws for hands.
Your natural rate of healing is unusually fast.
You are covered in fur. (AC +1)
You have tough skin. (AC +1)
You are partially covered in iridescent scales. (AC +2)
Your mind is acute. (Int +2)


Message History

Xiuhtonal hits the enormous slime creature with a +0 quarterstaff!
You hit Nessos but do no damage. Nessos completely misses you.
Nessos kicks you but does no damage.
Nessos mumbles some strange words.
Nessos blinks!
Xiuhtonal gestures at Nessos while chanting.
The puff of frost hits Nessos.
You puncture the enormous slime creature!
You burn the enormous slime creature.
The enormous slime creature is moderately wounded.
The enormous slime creature hits you but does no damage.
Nessos wields a +3 longbow of flaming.
It bursts into flame!
Nessos shoots an arrow.
The arrow hits you.
You are poisoned.
Xiuhtonal casts a spell at Nessos.
The puff of frost hits Nessos!
You hit the enormous slime creature. You burn the enormous slime creature.
The enormous slime creature is moderately wounded.
You feel sick.
Nessos shoots an arrow.
The arrow hits you! The arrow burns you.
The enormous slime creature misses you.
Nessos shoots an arrow.
The arrow misses you.
You impale the enormous slime creature!!
You burn the enormous slime creature.
The enormous slime creature is heavily wounded.
You feel sick.
Nessos shoots an arrow.
The arrow hits you!
Nessos shoots an arrow.
The arrow hits you! The arrow burns you.
You are more poisoned.
The enormous slime creature hits you!!!
* * * LOW HITPOINT WARNING * * *
Nessos shoots an arrow.
The arrow hits you!
* * * LOW HITPOINT WARNING * * *
The arrow burns you.
* * * LOW HITPOINT WARNING * * *
An enormous slime creature splits.
You puncture the large slime creature! You burn the large slime creature.
The large slime creature is severely wounded.
You feel sick.
Nessos stands on their hind legs for a moment.
The large slime creature hits you!!
You die...

#.##.#. .. #..... #.#
..... ####.# .... ##.##.#
### ####.#####....#.##
...#.......#.....##.##
.####.#.##.#..##....#...#
.$.....J##.........#....<
#....J@.##..###..####.#
#.#.Rc#?##..# #....##.#
#.........# ##.#.##.#
....##.##### #.#.##.#
...... #.# #......#
###### #.# ##...### ...
#...# #.. #...###
####......


You could see the friendly Xiuhtonal the battlemage, Nessos (fast, ally target)
and 2 large slime creatures.

Vanquished Creatures
  Frances (D:13)
  A boulder beetle (D:12)
  2 centaur warriors
  4 two-headed ogres
  A tengu warrior (D:14)
  3 skeletal warriors
  An orc knight (Orc:2)
  Pikel (D:4)
  3 deep elf pyromancers
  9 orc sorcerers (Orc:2)
  4 ugly things (D:14)
  A manticore (D:10)
  2 gargoyles
  2 komodo dragons (D:9)
  3 trolls
  A hornet (D:10)
  Prince Ribbit (D:4)
  Grinder (D:5)
  A vampire (D:12)
  3 wraiths
  2 shadows
  A wyvern (D:9)
  4 yaks (D:9)
  Eustachio (D:6)
  A vampire mosquito (D:11)
  A warg (Orc:1)
  An acid dragon (D:6)
  16 orc warriors
  3 necrophages
  8 ogres
  A centaur (D:13)
  2 kobold brigands
  A bullfrog (D:8)
  A wyvern zombie (D:7)
  4 scorpions
  A wyvern skeleton (D:6)
  A water moccasin zombie (D:4)
  4 killer bees (D:9)
  8 wights
  5 howler monkeys
  3 centaur zombies
  Crazy Yiuf (D:5)
  A bullfrog skeleton (D:6)
  13 orc priests
  A centaur skeleton (D:6)
  5 hounds
  3 iron imps (D:3)
  2 iguanas (D:5)
  16 orc wizards
  A hound zombie (D:5)
  5 adders
  A shadow imp (D:5)
  3 white imps
  4 worms
  4 dart slugs
  79 orcs
  5 bats
  4 endoplasms
  A giant cockroach (D:2)
  12 goblins
  6 hobgoblins
  5 quokkas
  6 ball pythons
  9 frilled lizards
  8 kobolds
  8 rats
  A bush (D:5)
318 creatures vanquished.

Vanquished Creatures (collateral kills)
  A boulder beetle (D:12)
  A hydra (D:11)
  Erolcha (Orc:2)
  2 two-headed ogres (D:9)
  Erica (D:11)
  Nergalle (D:11)
  A skeletal warrior (D:11)
  A deep elf archer (Elf:1)
  A deep elf zephyrmancer (Elf:1)
  2 ugly things
  2 orc knights (Bailey)
  An orc sorcerer (Orc:1)
  A manticore (D:14)
  A cyclops (D:13)
  Maurice (D:11)
  An unseen horror (D:13)
  A komodo dragon (D:9)
  A kobold demonologist (D:9)
  3 trolls
  A slime creature (D:14)
  A yak (D:9)
  A wyvern (D:9)
  A steam dragon (D:9)
  A basilisk (D:12)
  A human (shapeshifter) (D:13)
  A vampire mosquito (D:11)
  7 orc warriors
  An ice beast (D:6)
  A black bear (D:7)
  A necrophage (D:7)
  2 ogres
  A phantom (D:7)
  3 centaurs
  2 bullfrogs
  A scorpion (D:5)
  9 killer bees
  4 wights
  A howler monkey (D:8)
  2 centaur zombies
  A bullfrog zombie (D:5)
  A jelly (D:6)
  A bullfrog skeleton (D:7)
  3 orc priests
  A hound (D:5)
  18 orc wizards
  A shadow imp (D:6)
  41 orcs
  7 kobolds
  2 rats (D:11)
142 creatures vanquished.

Vanquished Creatures (others)
  7 battlemagi
  5 fungi
  5 toadstools (D:4)
17 creatures vanquished.

Grand Total: 477 creatures vanquished

Notes
Turn   | Place    | Note
-------+----------+-------------------------------------------
     0 | D:1      | issech the Troll Monk began the quest for the Orb.
     0 | D:1      | Reached XP level 1. HP: 22/22 MP: 0/0
   226 | D:1      | Reached XP level 2. HP: 29/29 MP: 1/1
   388 | D:1      | Reached skill level 3 in Maces & Flails
   948 | D:2      | Reached XP level 3. HP: 29/36 MP: 2/2
  1193 | D:2      | Reached XP level 4. HP: 44/44 MP: 3/3
  1304 | D:2      | You fall into a shaft and drop 1 floor!
  1527 | D:3      | Found an ornate altar of the Wu Jian Council.
  1569 | D:3      | Noticed a necrophage
  1590 | D:3      | Killed a necrophage
  1591 | D:3      | Reached skill level 4 in Maces & Flails
  1591 | D:3      | Reached XP level 5. HP: 48/53 MP: 4/4
  2203 | D:3      | Found a burning altar of Makhleb.
  2222 | D:3      | Reached XP level 6. HP: 44/61 MP: 5/5
  2363 | D:3      | Found a faded altar of an unknown god.
  3013 | D:4      | Reached skill level 5 in Maces & Flails
  3401 | D:4      | Found a staircase to the Ecumenical Temple.
  3415 | Temple   | Entered the Ecumenical Temple
  3598 | D:4      | Reached XP level 7. HP: 58/68 MP: 6/6
  3658 | D:4      | Found a blossoming altar of Fedhas.
  3882 | D:4      | Found an ancient bone altar of Kikubaaqudgha.
  4027 | D:4      | Found a sacrificial altar of Ru.
  4160 | D:5      | Entered Level 5 of the Dungeon
  4163 | D:5      | Noticed Pikel
  4212 | D:5      | Reached skill level 6 in Maces & Flails
  4343 | D:4      | Killed Pikel
  4344 | D:4      | Reached XP level 8. HP: 54/78 MP: 7/7
  4446 | D:5      | Reached skill level 7 in Maces & Flails
  4452 | D:5      | Found a broken altar of Ashenzari.
  4453 | D:5      | Noticed Prince Ribbit
  4572 | D:4      | Killed Prince Ribbit
  4919 | D:5      | Found a shimmering altar of Xom.
  4921 | D:5      | Found a hazy altar of Hepliaklqana.
  4922 | D:5      | Noticed a spectral ugly thing
  4928 | D:5      | Became a worshipper of Hepliaklqana the Forgotten
  4928 | D:5      | Reached * piety under Hepliaklqana
  4928 | D:5      | Reached ** piety under Hepliaklqana
  4929 | D:5      | Remembered your ancestor Xiuhtonal as a battlemage
  5066 | D:5      | Found a runed translucent door.
  5067 | D:5      | Noticed Crazy Yiuf
  5073 | D:5      | Killed Crazy Yiuf
  5156 | D:5      | Reached skill level 5 in Dodging
  5220 | D:5      | Reached skill level 8 in Maces & Flails
  5374 | D:5      | Noticed Grinder
  5385 | D:5      | Paralysed by Grinder for 4 turns
  5392 | D:5      | Killed Grinder
  5393 | D:5      | Reached skill level 5 in Fighting
  5393 | D:5      | Reached XP level 9. HP: 46/79 MP: 8/8
  5541 | D:6      | Noticed Eustachio
  5547 | D:6      | Killed Eustachio
  5729 | D:6      | Reached skill level 9 in Maces & Flails
  5917 | D:6      | Found Retywing's Distillery.
  6421 | D:7      | Found a glowing golden altar of the Shining One.
  6630 | D:7      | Reached XP level 10. HP: 50/88 MP: 9/9
  6634 | D:7      | Reached skill level 10 in Maces & Flails
  6748 | D:7      | Found a runed translucent gate.
  6750 | D:7      | Found a runed translucent gate.
  6750 | D:7      | Noticed spaghetti's ghost (novice NaCK)
  6751 | D:7      | Found a runed translucent gate.
  7448 | D:8      | Reached skill level 1 in Armour
  7529 | D:8      | Reached *** piety under Hepliaklqana
  8087 | D:9      | Noticed a gargoyle
  8089 | D:9      | Killed a gargoyle
  8290 | D:9      | Noticed a two-headed ogre
  8300 | D:9      | Killed a two-headed ogre
  8301 | D:9      | Reached skill level 11 in Maces & Flails
  8378 | D:9      | Noticed a two-headed ogre
  8388 | D:9      | Killed a two-headed ogre
  8561 | D:9      | Found a flagged portal.
  8574 | D:9      | Reached XP level 11. HP: 70/96 MP: 10/10
  8576 | Bailey   | Entered a bailey
  8863 | Bailey   | Noticed an orc knight
  9057 | Bailey   | Killed an orc knight
  9128 | Bailey   | Noticed an orc knight
  9182 | Bailey   | Killed an orc knight
  9183 | Bailey   | Reached skill level 1 in Throwing
  9472 | D:9      | Reached **** piety under Hepliaklqana
 10219 | D:9      | Found a staircase to the Lair.
 10421 | D:10     | Entered Level 10 of the Dungeon
 10421 | D:10     | Found a snail-covered altar of Cheibriados.
 10421 | D:10     | Found a stormy altar of Qazlal.
 10421 | D:10     | Found an opulent altar of Gozag.
 10959 | D:10     | Reached skill level 12 in Maces & Flails
 11079 | D:10     | Found a staircase to the Orcish Mines.
 11295 | D:11     | Noticed a two-headed ogre
 11303 | D:11     | Killed a two-headed ogre
 11331 | D:11     | Noticed Nergalle
 11341 | D:11     | Killed Nergalle
 11350 | D:11     | Found a bloodstained altar of Trog.
 11464 | D:11     | Noticed Maurice
 11472 | D:11     | Killed Maurice
 11498 | D:11     | Identified the +3 ring mail "Gecubub" {Drain rF++ Int+7}
 11590 | D:11     | Noticed a centaur warrior
 11599 | D:11     | Killed a centaur warrior
 11600 | D:11     | Reached XP level 12. HP: 38/107 MP: 11/11
 11793 | D:11     | Noticed an eight-headed hydra
 11799 | D:11     | Killed an eight-headed hydra
 11804 | D:11     | Reached skill level 13 in Maces & Flails
 11860 | D:11     | Identified the +1 leather armour of Distant Worlds {Int+3}
 11957 | D:11     | Noticed Erica
 11969 | D:11     | Killed Erica
 12071 | D:11     | Reached ***** piety under Hepliaklqana
 12101 | D:11     | Identified the +1 plate armour of the Raven {Str+4}
 12791 | D:12     | Noticed a two-headed ogre
 12793 | D:12     | Noticed a boulder beetle
 12796 | D:12     | Killed a two-headed ogre
 12797 | D:12     | Reached skill level 5 in Armour
 12800 | D:12     | Killed a boulder beetle
 12991 | D:12     | Noticed a boulder beetle
 13002 | D:12     | Killed a boulder beetle
 13821 | Orc:1    | Entered Level 1 of the Orcish Mines
 13821 | Orc:1    | Found Ciap's Antique Weapon Shop.
 13826 | Orc:1    | Reached skill level 14 in Maces & Flails
 14008 | Orc:1    | Noticed a two-headed ogre
 14014 | Orc:1    | Killed a two-headed ogre
 14018 | Orc:1    | Found Tiezem's Distillery.
 14044 | Orc:1    | Gained mutation: Your flesh is heat resistant. (rF+)
                  | [potion of mutation]
 14044 | Orc:1    | Gained mutation: You are frail. (-10% HP) [potion of
                  | mutation]
 14044 | Orc:1    | Gained mutation: You are dopey. (Int -2) [potion of
                  | mutation]
 14045 | Orc:1    | Lost mutation: You are frail. (-10% HP) [potion of
                  | mutation]
 14045 | Orc:1    | Lost mutation: Your flesh is heat resistant. (rF+) [potion
                  | of mutation]
 14045 | Orc:1    | Gained mutation: Your spells are a little easier to cast,
                  | but a little less powerful. [potion of mutation]
 14045 | Orc:1    | Gained mutation: You sometimes lose the ability to read
                  | scrolls when taking damage. [potion of mutation]
 14045 | Orc:1    | Gained mutation: You are somewhat resistant to further
                  | mutation. [potion of mutation]
 14046 | Orc:1    | Bought a potion of mutation for 128 gold pieces
 14046 | Orc:1    | Lost mutation: You sometimes lose the ability to read
                  | scrolls when taking damage. [potion of mutation]
 14046 | Orc:1    | Lost mutation: You are somewhat resistant to further
                  | mutation. [potion of mutation]
 14046 | Orc:1    | Gained mutation: Your magical capacity is low. (-10% MP)
                  | [potion of mutation]
 14046 | Orc:1    | Lost mutation: You are dopey. (Int -2) [potion of mutation]
 14046 | Orc:1    | Lost mutation: Your magical capacity is low. (-10% MP)
                  | [potion of mutation]
 14046 | Orc:1    | Gained mutation: You have large cloven feet. [potion of
                  | mutation]
 14260 | Orc:1    | Found Niqeomah's Antique Weapon Emporium.
 14372 | Orc:2    | Entered Level 2 of the Orcish Mines
 15076 | Orc:2    | Found a staircase to the Elven Halls.
 15153 | Orc:2    | Reached XP level 13. HP: 117/117 MP: 12/12
 15159 | Orc:2    | Found Vodaan's Distillery.
 15187 | Orc:2    | Bought a potion of experience for 750 gold pieces
 15191 | Orc:2    | Bought 2 potions of mutation for 240 gold pieces
 15191 | Orc:2    | Lost mutation: Your spells are a little easier to cast, but
                  | a little less powerful. [potion of mutation]
 15191 | Orc:2    | Lost mutation: You have large cloven feet. [potion of
                  | mutation]
 15191 | Orc:2    | Gained mutation: You sometimes lose the ability to read
                  | scrolls when taking damage. [potion of mutation]
 15191 | Orc:2    | Gained mutation: Your spells are a little harder to cast,
                  | but a little more powerful. [potion of mutation]
 15192 | Orc:2    | Lost mutation: Your spells are a little harder to cast, but
                  | a little more powerful. [potion of mutation]
 15192 | Orc:2    | Lost mutation: You sometimes lose the ability to read
                  | scrolls when taking damage. [potion of mutation]
 15192 | Orc:2    | Gained mutation: You are weak. (Str -2) [potion of
                  | mutation]
 15192 | Orc:2    | Gained mutation: You are partially covered in iridescent
                  | scales. (AC +2) [potion of mutation]
 15192 | Orc:2    | Lost mutation: You are weak. (Str -2) [potion of mutation]
 15192 | Orc:2    | Gained mutation: Your mind is acute. (Int +2) [potion of
                  | mutation]
 15232 | Orc:2    | Found Saetad's Antique Weapon Shop.
 15299 | Orc:2    | Found an ancient bone altar of Kikubaaqudgha.
 15418 | Orc:2    | Noticed Erolcha
 15419 | Orc:2    | Found a radiant altar of Vehumet.
 15424 | Orc:2    | Killed Erolcha
 15456 | Orc:2    | Found Vuthriaf's Jewellery Shop.
 15495 | Orc:2    | Found Bagej Xaju's Book Shop.
 15726 | Orc:2    | Bought a ring of flight for 192 gold pieces
 15783 | Elf:1    | Entered Level 1 of the Elven Halls
 16399 | D:13     | Reached skill level 15 in Maces & Flails
 16548 | D:13     | Noticed Frances
 16556 | D:13     | Killed Frances
 16934 | D:13     | Reached ****** piety under Hepliaklqana
 17484 | D:14     | Reached skill level 1 in Ice Magic
 17484 | D:14     | Reached XP level 14. HP: 96/126 MP: 13/13
 17988 | D:14     | Noticed Nessos
 17997 | D:14     | Mangled by a large slime creature

Illustrated notes

Levels and vault maps discovered:
D:1:      lightli_arrival_farm, layout_basic, minmay_three_crescents
D:2:      layout_loops_ring
D:3:      layout_basic, demons_altar, amcnicky_altar_gilded,
          hellmonk_ecumenical_altar_blasted, grunt_ministairs_9,
          minmay_misc_feat_enclosed, st_stairs_4, chequers_decorated_corner
D:4:      layout_basic, mainiacjoe_overflow_brackets,
          nicolae_ru_the_path_less_chosen, mainiacjoe_overflow_six_doors_small,
          temple_green, minmay_gold_behind_fungi
D:5:      cheibrodos_barr_body, layout_loops_ring,
          regret_index_temple_of_mockery, mainiacjoe_overflow_small_starburst,
          uniq_grinder, uniq_pikel, uniq_prince_ribbit1, uniq_crazy_yiuf_cottage
D:6:      layout_rooms, serial_shops, shop, minmay_misc_feat_iff,
          hangedman_decor_opposing, hangedman_decor_slide_cut, uniq_eustachio
D:7:      layout_basic, mainiacjoe_overflow_paths, biasface_ghost_orc_armoury,
          amcnicky_mini_corridor_feature
D:8:      layout_loops_ring
D:9:      layout_loops_corners, erik_lair_dragon, enter_bailey_6
D:10:     layout_rooms, grunt_temple_overflow_open, david_orc_5, special_room
          [special_room_orc]
D:11:     layout_cave_pods, tgw_trog, uniq_erica, uniq_nergalle, uniq_maurice
D:12:     layout_long_grid
D:13:     layout_grid_maze, skrybe_limestone_x, serial_bayou_pond_e,
          uniq_frances
D:14:     layout_loops_cross, david_vaults_5, uniq_nessos
Temple:   zaba_magenta_temple
Orc:1:    layout_caves, serial_shops, shop, nicolae_shop_waterfront,
          nicolae_shop_hallway_stairs
Orc:2:    kennysheep_orc_mage_school, layout_caves
Elf:1:    eino_elf_arrival_shootout, layout_loops_ring, serial_shops,
          nicolae_shop_stone, nicolae_square_shop, shop, shop, shop_scrolls,
          minmay_elf_crystal_hexagon, evilmike_ambush
          [evilmike_ambush_outer_basic, evilmike_ambush_inner_wall_2]

Skill      XL: |  1  2  3  4  5  6  7  8  9 10 11 12 13 |
---------------+----------------------------------------+-----
Maces & Flails | 3 4 5 6 8 9 11 12 14 15 | 15.4
Dodging        | 3 4 5 6 7 |  7.8
Fighting       | 3 4 5 6 7 8 9 |  9.7
Stealth        | 2 3 4 |  4.3
Armour         | 3 4 5 6 |  6.2
Throwing       | 1 |  1.8
Ice Magic      | 1 |  1.0
Short Blades   | |  0.7
Long Blades    | |  0.5
Axes           | |  0.5
Polearms       | |  0.5
Staves         | |  0.5
Slings         | |  0.3
Bows           | |  0.3
Crossbows      | |  0.3
Shields        | |  0.5
Unarmed Combat | |  0.7
Spellcasting   | |  0.3
Conjurations   | |  0.4
Hexes          | |  0.7
Summonings     | |  0.4
Necromancy     | |  0.5
Translocations | |  0.7
Transmutations | |  0.4
Fire Magic     | |  0.8
Air Magic      | |  0.3
Earth Magic    | |  0.6
Poison Magic   | |  0.4
Invocations    | |  0.6
Evocations     | |  0.4

Action                   |  1- 3 |  4- 6 |  7- 9 | 10-12 | 13-15 || total
-------------------------+-------+-------+-------+-------+-------++-------
Melee: Mace              |   118 |    71 |       |       |       ||   189
       Punch             |     1 |     3 |       |       |       ||     4
       Flail             |       |   155 |     5 |       |       ||   160
       Giant club        |       |       |   272 |   279 |       ||   551
       Giant spiked club |       |       |       |   195 |   120 ||   315
       Kick              |       |       |       |    18 |     5 ||    23
Throw: Large rock        |       |       |     3 |    10 |       ||    13
       Stone             |       |       |       |     7 |       ||     7
Invok: Ancestor Life: Ba |       |       |     1 |       |       ||     1
       Recall Ancestor   |       |       |       |     2 |     1 ||     3
       Ancestor Identity |       |       |       |       |     1 ||     1
  Use: Scroll            |       |     3 |    10 |    16 |     3 ||    32
       Potion            |       |       |       |     4 |     3 ||     7
 Stab: Sleeping          |     3 |     1 |     4 |     2 |     1 ||    11
       Distracted        |       |       |     3 |     8 |     4 ||    15
Armor: Robe              |    51 |    46 |    40 |       |       ||   137
       Acid dragon scale |       |       |    35 |   244 |    60 ||   339
       Skin              |       |       |       |     7 |       ||     7
Dodge: Dodged            |    62 |   135 |   165 |   334 |    91 ||   787
